 Dungeon Crawl Stone Soup version 0.28.0-53-g5a82cb258f (webtiles) character file.

Game seed: 14422737077267562140

11 urmum the Slasher (level 2, 0/25 HPs)
             Began as a Minotaur Gladiator on May 24, 2022.
             Slain by Sigmund
             ... wielding a +0 scythe
              (8 damage)
             ... on level 2 of the Dungeon on May 26, 2022.
             The game lasted 00:02:03 (121 turns).

urmum the Slasher (Minotaur Gladiator)               Turns: 121, Time: 00:02:04

Health: 0/25       AC:  3    Str: 18    XL:     2   Next: 17%
Magic:  1/1        EV: 12    Int:  5    God:
Gold:   10         SH:  0    Dex: 11    Spells: 1/1 levels left

rFire   . . .      SeeInvis .   a - +0 long sword
rCold   . . .      Faith    .   (no shield)
rNeg    . . .      Spirit   .   b - +0 leather armour
rPois   .          Reflect  .   c - +0 hat
rElec   .          Harm     .   (no cloak)
rCorr   .          Rampage  .   (no gloves)
Will    .....                   (no boots)
Stlth   +.........              (no amulet)
HPRegen 0.08/turn               (no ring)
MPRegen 0.07/turn               (no ring)

@: no status effects
A: horns 2, retaliatory headbutt
a: no special abilities


You were on level 2 of the Dungeon.
You visited 1 branch of the dungeon, and saw 2 of its levels.

You collected 10 gold pieces.

Inventory:

Hand Weapons
 a - a +0 long sword (weapon)
Missiles
 d - 3 throwing nets (quivered)
Armour
 b - a +0 leather armour (worn)
 c - a +0 hat (worn)
Scrolls
 e - a scroll of identify {unknown}


   Skills:
 + Level 2.6 Fighting
 + Level 3.9 Long Blades
 + Level 2.0 Throwing
 + Level 3.6 Dodging


You had one spell level left.
You didn't know any spells.
Your spell library was empty.

Dungeon Overview and Level Annotations

Branches:
Dungeon (2/15)

Altars:

Annotations:
D:2 Sigmund


Innate Abilities, Weirdness & Mutations

You have a pair of horns on your head.
You reflexively headbutt those who attack you in melee.


Message History

You have reached level 2!
You now have 10 gold pieces.
There are no items here.
There is a stone staircase leading down here.
You climb downwards.
Found an escape hatch in the ceiling.
Found a stone staircase leading up.
There is a stone staircase leading up here.
A worm comes into view.
Found a stone staircase leading down.
Found 4 large rocks.
The worm closely misses you.
You barely miss the worm. Your headbutt misses the worm. The worm bites you.
You slash the worm!
The worm is heavily wounded.
The worm misses you. You furiously retaliate!
You headbutt the worm, but do no damage.
You hit the worm. You headbutt the worm.
The worm is severely wounded.
You hit the worm but do no damage. You headbutt the worm.
The worm is almost dead.
The worm barely misses you.
You slash the worm!
You kill the worm!
A hobgoblin comes into view.
The hobgoblin shouts!
Sigmund the Dreaded comes into view.
He is wielding a +0 scythe.
Sigmund shouts!
Sigmund is nearby!
Sigmund gestures at you while chanting. The puff of flame hits you.
Sigmund points at you and mumbles some strange words.
You are confused.
Sigmund casts a spell.
Sigmund flickers and vanishes!
Deactivating autopickup; reactivate with Ctrl-A.
Something hits you.
You bump into the rock wall.
The hobgoblin hits you.
You feel less confused. The hobgoblin closely misses you. Something hits you!
You die...

##.###........#...## #.#
#......(...... # #.#
#........#...##. #@#
#........##.... #.#
#.###..####..# ......
#...###<.####.#
.....#####......<......#
............g.###........
..............@......#####
#...............####..#
#........###..#.# ..# ..
#...#># ..# # ........ ..#
.##.....## #.# .. #.....#
# #.###.# .. .#


You could see a hobgoblin.

Vanquished Creatures
  A worm (D:2)
  A dart slug (D:1)
  A ball python (D:1)
  2 giant cockroaches (D:1)
  A kobold (D:1)
  A rat (D:1)
7 creatures vanquished.

Notes
Turn   | Place    | Note
-------+----------+-------------------------------------------
     0 | D:1      | urmum the Minotaur Gladiator began the quest for the Orb.
     0 | D:1      | Reached XP level 1. HP: 18/18 MP: 0/0
    52 | D:1      | Reached XP level 2. HP: 21/25 MP: 1/1
    96 | D:2      | Noticed Sigmund
   121 | D:2      | Slain by Sigmund

Illustrated notes

Levels and vault maps discovered:
D:1:      co_arrival_two_rings, layout_basic
D:2:      layout_loops_ring, basic_altar, hellmonk_ecumenical_altar_dog_temple,
          hex_tiny, kennysheep_doodads, uniq_sigmund

Action                   || total
-------------------------++-------
Melee: Long sword        ||    12
       Headbutt          ||     4
Armor: Leather armour    ||     3
Dodge: Dodged            ||    13
